 Dungeon Crawl Stone Soup version 0.30-a0-1008-g30c9307041 (webtiles) character file.

Game seed: 17085172340543899787

37 hwolsky the Gusty (level 3, 0/23 HPs)
             Began as a Draconian Air Elementalist on Apr 5, 2023.
             Was a Follower of Hepliaklqana.
             Succumbed to an adder's poison
             ... on level 3 of the Dungeon.
             The game lasted 00:11:36 (1496 turns).

hwolsky the Gusty (Draconian Air Elementalist)      Turns: 1496, Time: 00:11:36

Health: 0/23       AC:  5    Str: 10    XL:     3   Next: 21%
Magic:  1/6        EV: 12    Int: 17    God:    Hepliaklqana [*.....]
Gold:   107        SH:  0    Dex: 11    Spells: 3/6 levels left

rFire   . . .      SeeInvis .    c - +0 dagger
rCold   . . .      Faith    .    (no shield)
rNeg    . . .      Spirit   .    (body armour unavailable)
rPois   .          Reflect  .    (helmet restricted)
rElec   .          Rampage  .    (no cloak)
rCorr   .                        (no gloves)
Will    .....                    (no boots)
Stlth   ++                       (no amulet)
HPRegen 0.23/turn                (no ring)
MPRegen 0.10/turn                (no ring)

@: lethally poisoned (0 -> -2)
A: reduced essence, AC +5, unfitting armour, cold-blooded
a: Renounce Religion, Recall Ancestor, Ancestor Identity


You were on level 3 of the Dungeon.
You worshipped Hepliaklqana.
Hepliaklqana was aware of your devotion.
You visited 1 branch of the dungeon, and saw 3 of its levels.

You collected 107 gold pieces.

Inventory:

Hand Weapons
 c - a +0 dagger (weapon)
 e - a +1 antimagic whip
Missiles
 b - 5 boomerangs (quivered)
Magical Staves
 d - a staff of earth
Scrolls
 g - 3 scrolls of poison
Potions
 a - 2 potions of magic


   Skills:
 + Level 2.1 Dodging
 + Level 2.2 Stealth
 + Level 2.3 Spellcasting
 + Level 1.6 Conjurations
 + Level 3.3 Air Magic


You had 3 spell levels left.
You knew the following spells:

 Your Spells              Type           Power      Damage    Failure   Level
a - Shock                 Conj/Air       40%        1d5       7%          1
b - Static Discharge      Conj/Air       20%        2-3/arc   11%         2

Your spell library contained the following spells:

 Spells                   Type           Power      Damage    Failure   Level
 Swiftness                Air            13%        N/A       14%         3
 Airstrike                Air            6%         2d(1-17)  43%         4


Dungeon Overview and Level Annotations

Branches:
Dungeon (3/15)

Altars:
Hepliaklqana


Innate Abilities, Weirdness & Mutations

Your life essence is reduced to manifest your ancestor. (-10% HP)
Your plain brown scales are hard. (AC +5)
You cannot fit into any form of body armour.
You are cold-blooded and may be slowed by cold attacks.


Message History

The goblin wields a +0 sling.
The goblin shoots a sling bullet.
The sling bullet hits you.
You hit the adder.
The adder is severely wounded.
You feel sick. The adder bites you but does no damage.
You barely miss the adder. Your punch misses the adder.
The adder is severely wounded.
You feel sick. The adder closely misses you. The adder bites you.
You are lethally poisoned!
The adder poisons you!
You barely miss the adder.
The adder is severely wounded.
* * * LOW HITPOINT WARNING * * *
You feel sick.
The goblin shoots a sling bullet.
The sling bullet hits you but does no damage.
The adder closely misses you.
Okay, then.
Okay, then.
You closely miss the adder.
Your tail-slap misses the adder.
The adder is severely wounded.
* * * LOW HITPOINT WARNING * * *
You feel sick.
The goblin shoots a sling bullet.
The sling bullet barely misses you. The adder bites you but does no damage.
A rat comes into view.
You hit the adder.
Your tail-slap misses the adder.
The adder is almost dead.
* * * LOW HITPOINT WARNING * * *
You feel sick. The adder barely misses you.
The goblin shoots a sling bullet.
The sling bullet closely misses you.
You hit the adder but do no damage.
The adder is almost dead.
* * * LOW HITPOINT WARNING * * *
You feel sick. The adder barely misses you. The adder misses you.
You miss the adder.
Your tail-slap misses the adder.
The adder is almost dead.
* * * LOW HITPOINT WARNING * * *
You feel sick. The adder misses you.
You miss the adder.
The adder is almost dead.
You die...

#.### ##.... ..
##..... #..
....... ###r..
.......##..g...
...............
.#.............
........)......
.#.....@S....#(
.............#
.............#
#.####.......#
# #.###).## #.
..# ## ... ..#


You could see an adder, a goblin and a rat.

Vanquished Creatures
  3 orcs (D:3)
  5 ball pythons
  A bat (D:1)
  3 endoplasms
  A giant cockroach (D:1)
  2 goblins (D:1)
  4 hobgoblins (D:1)
  2 kobolds
  4 rats (D:1)
25 creatures vanquished.

Vanquished Creatures (collateral kills)
  A dart slug (D:1)
  A hobgoblin (D:1)
  A kobold (D:1)
3 creatures vanquished.

Vanquished Creatures (others)
  2 ancestors
2 creatures vanquished.

Grand Total: 30 creatures vanquished

Notes
Turn   | Place    | Note
-------+----------+-------------------------------------------
     0 | D:1      | hwolsky the Draconian Air Elementalist began the quest for
                  | the Orb.
     0 | D:1      | Reached XP level 1. HP: 14/14 MP: 3/3
   156 | D:1      | Found a faded altar of an unknown god.
   169 | D:1      | Prayed at the altar of an unknown god.
   169 | D:1      | Became a worshipper of Hepliaklqana the Forgotten
   169 | D:1      | Reached * piety under Hepliaklqana
   251 | D:1      | Reached XP level 2. HP: 17/18 MP: 3/5
  1318 | D:2      | Learned a level 2 spell: Static Discharge
  1404 | D:2      | Reached XP level 3. HP: 23/23 MP: 1/6
  1495 | D:3      | HP: 1/23 [poisoned by an adder]
  1496 | D:3      | Succumbed to an adder's poison

Illustrated notes

Levels and vault maps discovered:
D:1:      tarquinn_simple_flora_water_c, layout_loops_cross,
          serial_co_window_serial, co_window_paths_a, co_window_paths_a,
          co_window_paths_b, co_window_of_opportunity_a, co_window_corner_a,
          co_window_broadway_b, co_window_cross_3, co_window_cross_2,
          co_window_corner_cb, co_window_broadway_a, co_window_unsneaky_path_a,
          co_window_corner_ca, glass_columns_a,
          ebering_ecumenical_altar_sacrificial
D:2:      layout_loops_corners, kennysheep_generic_room_16
D:3:      layout_rooms

Skill      XL: |  1  2 |
---------------+-------+-----
Stealth        | 2 |  2.2
Dodging        | 2 |  2.1
Spellcasting   | |  2.3
Conjurations   | |  1.6
Air Magic      | |  3.3

Action                     || total
---------------------------++-------
  Melee: Dagger            ||    48
         Unarmed           ||     9
         Tailslap          ||     4
         Whip              ||     4
  Throw: Boomerang         ||     4
   Cast: Shock             ||    20
         Static Discharge  ||     1
 Invoke: Ancestor Identity ||     1
    Use: Scroll            ||     2
         Potion            ||     1
 Armour: Skin              ||    21
  Dodge: Dodged            ||    28

Table legend: (Time is in decaauts)
 A = Elapsed time spent in this place.
 B = Non-inter-level travel time spent in this place.
 C = Inter-level travel time spent in this place.
 D = Time resting spent in this place.
 E = Time spent auto-exploring this place.
 F = Levels seen in this place.
 G = Mean time per level.
                   A        B        C        D        E       F      G
               +--------+--------+--------+--------+--------+-----+--------+
         Total |   1496 |   1421 |     75 |     53 |   1053 |   3 |  498.7 |
       Dungeon |   1496 |   1421 |     75 |     53 |   1053 |   3 |  498.7 |
               +--------+--------+--------+--------+--------+-----+--------+

Top non-repeatable levels by time:
     D:1: 1191 daAuts
     D:2: 276 daAuts
     D:3: 27 daAuts
